 Dungeon Crawl Stone Soup version 0.30-a0-996-ga6910c8ee8 (webtiles) character file.

Game seed: 11727344495230042635

25897 ytrimaz the Grappler (level 12, -2/126 HPs)
             Began as a Troll Transmuter on Apr 5, 2023.
             Was an Elder of Makhleb.
             Slain by a vampire (6 damage)
             ... on level 12 of the Dungeon.
             The game lasted 00:17:59 (12154 turns).

ytrimaz the Grappler (Troll Transmuter)            Turns: 12154, Time: 00:17:59

Health: -2/126     AC: 11    Str: 21    XL:     12   Next: 93%
Magic:  18/18      EV:  9    Int: 13    God:    Makhleb [****..]
Gold:   800        SH:  0    Dex: 10    Spells: 13/20 levels left

rFire   . . .      SeeInvis .      - Unarmed
rCold   . . .      Faith    .    (no shield)
rNeg    . . .      Spirit   .    b - +0 troll leather armour {Pargi}
rPois   .          Reflect  .    (helmet restricted)
rElec   .          Rampage  .    x - +0 cloak
rCorr   .                        (gloves unavailable)
Will    .....                    (boots unavailable)
Stlth   +                        A - amulet of magic regeneration
HPRegen 2.01/turn                B - +4 ring of slaying
MPRegen 0.56/turn                F - +4 ring of protection

@: about to teleport
A: large, unfitting armour, claws 3, regeneration 1, shaggy fur 1, tough skin 1
a: Renounce Religion, Minor Destruction, Lesser Servant of Makhleb, Major
Destruction


You were on level 12 of the Dungeon.
You worshipped Makhleb.
Makhleb was greatly pleased with you.
You visited 2 branches of the dungeon, and saw 13 of its levels.
You also visited: Sewer and Bailey.

You collected 800 gold pieces.


Innate Abilities, Weirdness & Mutations

You are too large for most types of armour.
You have claws for hands.
Your natural rate of healing is unusually fast.
You are covered in fur. (AC +1)
You have tough skin. (AC +1)


   Skills:
 - Level 10.0 Fighting
 - Level 1.5 Dodging
 - Level 14.0 Unarmed Combat
 + Level 4.8 Spellcasting
 + Level 5.8 Transmutations
 - Level 7.0 Invocations


You had 13 spell levels left.
You knew the following spells:

 Your Spells              Type           Power      Damage    Failure   Level
a - Wereblood             Tmut           18%        N/A       3%          2
b - Irradiate             Conj/Tmut      5%         3d13      88%         5

Your spell library contained the following spells:

 Spells                   Type           Power      Damage    Failure   Level
 Beastly Appendage        Tmut           36%        N/A       1%          1
 Spider Form              Tmut/Pois      10%        N/A       21%         3
 Freeze                   Ice            12%        1d3       22%         1
 Shock                    Conj/Air       12%        1d3       22%         1
 Sublimation of Blood     Necr           3%         N/A       32%         2
 Frozen Ramparts          Ice            6%         1d1       54%         3
 Hailstorm                Conj/Ice       3%         3d3       54%         3
 Inner Flame              Hex/Fire       3%         N/A       54%         3
 Swiftness                Air            3%         N/A       54%         3
 Ice Form                 Ice/Tmut       10%        N/A       54%         4
 Petrify                  Tmut/Erth      10%        N/A       54%         4
 Airstrike                Air            1%         2d(1-17)  91%         4
 Cause Fear               Hex            1%         N/A       91%         4
 Olgreb's Toxic Radiance  Pois           3%         N/A       91%         4
 Metabolic Englaciation   Hex/Ice        1%         N/A       99%         5
 Statue Form              Tmut/Erth      6%         N/A       100%        6
 Ozocubu's Refrigeration  Ice            1%         4d7       100%        7
 Discord                  Hex            1%         N/A       100%        8
 Ignition                 Fire           1%         3d3       100%        8

Inventory:

Armour
 b - a +0 troll leather armour (worn) {Pargi}
   (You found it on level 3 of the Dungeon)
 x - a +0 cloak (worn)
   (You took it off Maurice on level 9 of the Dungeon)
 I - a scarf of shadows
   (You found it on level 9 of the Dungeon)
Jewellery
 a - a ring of see invisible
   (You found it on level 3 of the Dungeon)
 o - a +6 ring of strength
   (You found it on level 3 of the Dungeon)
 A - an amulet of magic regeneration (around neck)
   (You found it on level 7 of the Dungeon)
 B - a +4 ring of slaying (left claw)
   (You found it on level 9 of the Dungeon)
 D - a ring of flight
   (You found it on level 9 of the Dungeon)
 F - a +4 ring of protection (right claw)
   (You took it off an orc on level 9 of the Dungeon)
Wands
 s - a wand of iceblast (21)
   (You found it on level 4 of the Dungeon)
 u - a wand of polymorph (9)
   (You found it on level 6 of the Dungeon)
 y - a wand of charming (4)
   (You took it off Pikel on level 6 of the Dungeon)
Scrolls
 c - 2 scrolls of amnesia
 f - 3 scrolls of poison
 j - 3 scrolls of teleportation
 q - 6 scrolls of vulnerability
 v - 2 scrolls of enchant weapon
 w - 4 scrolls of enchant armour
 C - 3 scrolls of fog
 G - 3 scrolls of blinking
 H - a scroll of magic mapping
 J - a scroll of fear
Potions
 d - 2 potions of attraction
 e - 4 potions of mutation
 g - 6 potions of flight
 h - a potion of cancellation
 i - 2 potions of heal wounds
 k - a potion of curing
 l - 4 potions of might
 m - 3 potions of resistance
 p - 4 potions of magic
 r - 6 potions of ambrosia
 t - 4 potions of berserk rage {unknown}
 z - a potion of invisibility {unknown}
 E - a potion of haste {unknown}

Dungeon Overview and Level Annotations

Branches:
Dungeon (12/15) Zot: 25036  Temple (1/1) D:4 Zot: 5778    Lair (0/5) D:11
    Orc (0/2) D:9           Sewer (visited)          Bailey (visited)

Altars:
Ashenzari
Cheibriados
Dithmenos
Elyvilon
Fedhas
Gozag
Hepliaklqana
Kikubaaqudgha
Makhleb
Nemelex Xobeh
Okawaru
Qazlal
Ru
Sif Muna
Trog
Uskayaw
Vehumet
Wu Jian
Xom
Yredelemnul
Zin
The Shining One

Shops:
D:9 (

Annotations:
D:10 3 runed translucent doors, roninjake's ghost, journeyman MiFi
D:12 1 runed translucent door, Cesushri's ghost, journeyman MiBe

#.....#######.#.......#
#.....# #.#.......#
#..##########.#)####..#
#.......##≈≈~≈~)####..#
#....§§§~~≈≈≈≈≈~...#..#
######...~≈~§~~≈≈≈≈~≈≈~≈≈..≈
#.......~~~§.####~..~≈≈≈~~~~
##.#≈≈~~≈~...# ##...~~≈~≈≈≈
#..≈≈≈≈≈≈..@.# #......#≈≈≈
###########)## #.#+####.~#
##Q## #(#.##...## ##...##
#.#.##..... #.....#
#.......... ##...##
#.######### #...#
#.........' #.....#
########### #......... #


You could see a tengu reaver.


Message History

You hear a shout! 😎 HP[+1]
Your hp is fully restored (126).
Something hits you but does no damage. Something bites you but does no damage.
A stone appears from out of thin air!
The stone hits you but does no damage.
There is an open door, spattered with blood here.
Things that are here:
a +0 flail; a +3 great sword of draining; a +0 chain mail Unknown command.
You hear a zap.
A puff of flame appears from out of thin air!
The puff of flame hits you but does no damage.
You hear a zap.
A puff of flame appears from out of thin air!
The puff of flame hits you but does no damage.
There is an open door, spattered with blood here.
Things that are here:
a +0 flail; a +3 great sword of draining; a +0 chain mail Something draws life force from you!
A two-headed ogre comes into view.
It is wielding a +0 giant club and a +0 dire flail. 😕 HP[-17]
You take 17 damage, and now have 109/126 hp.
You hear a zap.
A puff of flame appears from out of thin air!
The puff of flame hits you.
There is an open door, spattered with blood here.
Things that are here:
a +0 flail; a +3 great sword of draining; a +0 chain mail 😕 HP[-3]
You take 3 damage, and now have 106/126 hp. 😕 HP[+2]
You regained 2 hp, and now have 108/126 hp.
Unknown command.
The troll bites you. The troll claws you! x2
There is an open door, spattered with blood here.
Things that are here:
a +0 flail; a +3 great sword of draining; a +0 chain mail 😮 HP[-21]
You take 21 damage, and now have 87/126 hp.
You scratch the troll but do no damage. 😮 HP[+1] Unknown command.
You closely miss the troll. The troll barely misses you. x2
The troll claws you but does no damage. 😮 HP[+2]
You regained 2 hp, and now have 90/126 hp.
You mangle the troll!!
You hear a shout!
The troll bites you. The troll claws you. The troll barely misses you. 😮 HP[-9]
You take 9 damage, and now have 81/126 hp.
You closely miss the troll. The troll misses you. The troll claws you.
The troll barely misses you. 😮 HP[-5]
You take 5 damage, and now have 76/126 hp.
You barely miss the troll.
A tengu reaver comes into view.
It is wielding a +4 long sword of holy wrath. 😮 HP[+2]
You regained 2 hp, and now have 78/126 hp.
You barely miss the troll. The troll bites you. The troll claws you! x2
* * * LOW HITPOINT WARNING * * *
😨 HP[-20]
You take 20 damage, and now have 58/126 hp.
Unknown command. 😨 HP[+2]
You regained 2 hp, and now have 60/126 hp. 😨 HP[+2]
You regained 2 hp, and now have 62/126 hp.
You scratch the troll. The troll bites you!
* * * LOW HITPOINT WARNING * * *
The troll completely misses you.
The troll claws you but does no damage. 😨 HP[-6]
You take 6 damage, and now have 56/126 hp.
Unknown command.
Okay, then.
As you read the scroll of teleportation, it crumbles to dust.
You feel strangely unstable. The troll bites you but does no damage.
The troll claws you!
* * * LOW HITPOINT WARNING * * *
The troll barely misses you. Something hits you.
* * * LOW HITPOINT WARNING * * *
Something bites you but does no damage. 😨 HP[-8]
You take 8 damage, and now have 48/126 hp.
You closely miss the troll. The troll barely misses you.
The troll claws you but does no damage. The troll barely misses you.
Something hits you but does no damage. Something bites you!
* * * LOW HITPOINT WARNING * * *
Something draws strength from your injuries!
The tengu reaver points at you and mumbles some strange words.
The bolt of fire hits the troll!!!
The troll dies!
The troll leather armour is intact enough to wear.
The bolt of fire hits you!!!
* * * LOW HITPOINT WARNING * * *
😱 HP[-46]
You take 46 damage, and now have 2/126 hp.
MASSIVE DAMAGE!! (PAUSE)
Something hits you.
You die...

Skill      XL: |  1  2  3  4  5  6  7  8  9 10 11 12 |
---------------+-------------------------------------+-----
Fighting       | 1 2 3 4 5 7 9 10 | 10.0
Unarmed Combat | 4 5 6 8 9 12 14 | 14.0
Invocations    | 1 7 |  7.0
Transmutations | 5 |  5.8
Spellcasting   | 4 |  4.8
Dodging        | |  1.5

Action                     |  1- 3 |  4- 6 |  7- 9 | 10-12 || total
---------------------------+-------+-------+-------+-------++-------
  Melee: Unarmed           |   100 |   139 |   265 |   575 ||  1079
         Punch             |     1 |     4 |    12 |    45 ||    62
   Cast: Wereblood         |       |       |       |     1 ||     1
 Invoke: Lesser Servant of |       |       |       |    14 ||    14
    Use: Scroll            |     4 |     3 |     9 |    14 ||    30
         Potion            |       |     1 |     2 |     5 ||     8
   Stab: Sleeping          |     1 |       |       |       ||     1
         Distracted        |       |       |       |     4 ||     4
 Armour: Robe              |    32 |    17 |       |       ||    49
         Skin              |       |    10 |     7 |       ||    17
         Troll leather arm |       |    20 |    80 |   266 ||   366
  Dodge: Dodged            |    51 |    57 |   104 |   235 ||   447

Levels and vault maps discovered:
D:1:      tarquinn_simple_flora_water_a, layout_loops_ring, minmay_liquid_box,
          minmay_pentomino_v4
D:2:      kennysheep_six_static_rooms, layout_basic, kennysheep_nub,
          uniq_terence
D:3:      layout_basic, nemelex_spade_bored_becter,
          nicolae_ashenzari_panopticon, uniq_pargi
D:4:      layout_basic, minmay_temple_entry_grid
D:5:      layout_basic, uniq_edmund
D:6:      layout_rooms, fedhas_altar_2, serial_curves, eino_curves_03,
          eino_curves_02, gup_sewer_entry_spiral, minmay_misc_feat_x,
          chequers_serial_rivers_small_b, kennysheep_minor_cross,
          serial_bayou_crossing, uniq_pikel
D:7:      layout_loops_cross, nzn_wu_jian_contemplation, grunt_ministairs_12,
          corner_web_ring
D:8:      kennysheep_windowed_halls, layout_basic
D:9:      layout_roguey, orc_david_3, enter_bailey_3, uniq_maurice
D:10:     layout_rooms, gammafunk_ghost_split
D:11:     layout_cave_pools, lair_entry_dummy, zin_statuary
D:12:     thingy_vault, layout_basic, ebering_ghost_reflecting_pool,
          minivault_7, uniq_azrael, uniq_rupert
Temple:   nicolae_temple_bog_church

Notes
Turn   | Place    | Note
-------+----------+-------------------------------------------
     0 | D:1      | ytrimaz the Troll Transmuter began the quest for the Orb.
     0 | D:1      | Reached XP level 1. HP: 18/18 MP: 1/1
     0 | D:1      | magus.rc [v1.9.6]
    27 | D:1      | Reached skill level 1 in Fighting
   214 | D:1      | Reached XP level 2. HP: 27/27 MP: 2/2
   528 | D:1      | Reached XP level 3. HP: 35/35 MP: 3/3
   813 | D:2      | Reached skill level 2 in Fighting
   942 | D:2      | Reached skill level 4 in Unarmed Combat
  1053 | D:2      | Learned a level 2 spell: Wereblood
  1101 | D:2      | Reached XP level 4. HP: 42/42 MP: 4/4
  1246 | D:2      | Noticed Terence
  1253 | D:2      | Killed Terence
  1442 | D:2      | Reached XP level 5. HP: 47/52 MP: 5/5
  1608 | D:3      | Found a broken altar of Ashenzari.
  1892 | D:3      | Reached skill level 3 in Fighting
  2261 | D:3      | Found a sparkling altar of Nemelex Xobeh.
  2316 | D:3      | Noticed Pargi
  2326 | D:3      | Killed Pargi
  2327 | D:3      | Reached skill level 5 in Unarmed Combat
  2327 | D:3      | Reached XP level 6. HP: 61/61 MP: 6/6
  2544 | D:3      | You pick up a book of Hexes and begin reading...
  2544 | D:3      | You add the spells Inner Flame, Cause Fear and Discord to
                  | your library.
  2749 | D:4      | You pick up a book of Alchemy and begin reading...
  2749 | D:4      | You add the spells Sublimation of Blood, Petrify and
                  | Irradiate to your library.
  2818 | D:4      | Learned a level 5 spell: Irradiate
  2858 | D:4      | Found a staircase to the Ecumenical Temple.
  2867 | D:4      | Reached skill level 4 in Fighting
  3228 | Temple   | Entered the Ecumenical Temple
  3436 | Temple   | Became a worshipper of Makhleb the Destroyer
  3467 | D:5      | Entered Level 5 of the Dungeon
  3549 | D:5      | Noticed an ice beast
  3554 | D:5      | HP: 15/63 [orc/+1 dagger of electrocution (15)]
  3567 | D:4      | HP: 15/63 [orc priest/nerve-wracking pain (12)]
  3569 | D:4      | Reached XP level 7. HP: 19/71 MP: 7/7
  3607 | D:4      | HP: 14/71 [ice beast (14)]
  3612 | D:4      | Reached skill level 6 in Unarmed Combat
  3715 | D:5      | Reached skill level 5 in Fighting
  3732 | D:5      | Noticed Edmund
  3737 | D:5      | Killed Edmund
  3832 | D:5      | Reached XP level 8. HP: 80/83 MP: 8/8
  3916 | D:5      | Reached skill level 6 in Fighting
  3957 | D:5      | You pick up a book of Air and begin reading...
  3957 | D:5      | You add the spells Shock, Swiftness and Airstrike to your
                  | library.
  4417 | D:6      | Noticed Pikel
  4536 | D:6      | Reached skill level 7 in Unarmed Combat
  4588 | D:6      | Reached * piety under Makhleb
  4791 | D:6      | Found a glowing drain.
  4795 | Sewer    | Entered a sewer
  4857 | Sewer    | Reached skill level 7 in Fighting
  5088 | D:6      | Killed Pikel
  5089 | D:6      | Reached skill level 8 in Unarmed Combat
  5089 | D:6      | Reached XP level 9. HP: 53/96 MP: 9/9
  5139 | D:6      | Found a blossoming altar of Fedhas.
  5244 | D:6      | Reached skill level 8 in Fighting
  5709 | D:7      | Found an ornate altar of the Wu Jian Council.
  5784 | D:7      | HP: 21/97 [poisoned by an orc]
  5785 | D:7      | Reached ** piety under Makhleb
  5789 | D:7      | HP: 15/97 [poisoned by an orc]
  5794 | D:7      | HP: 19/97 [poisoned by an orc]
  5980 | D:7      | You add the spells Olgreb's Toxic Radiance, Ozocubu's
                  | Refrigeration and Ignition to your library.
  5995 | D:7      | Reached skill level 9 in Fighting
  6231 | D:7      | Reached skill level 9 in Unarmed Combat
  6557 | D:8      | Reached XP level 10. HP: 60/109 MP: 10/10
  6730 | D:8      | You pick up a book of Frost and begin reading...
  6730 | D:8      | You add the spells Freeze, Frozen Ramparts and Hailstorm to
                  | your library.
  6752 | D:8      | Reached skill level 10 in Fighting
  6926 | D:8      | Reached skill level 10 in Unarmed Combat
  7417 | D:8      | Reached *** piety under Makhleb
  7464 | D:8      | Noticed a manticore
  7471 | D:8      | Killed a manticore
  7472 | D:8      | Reached skill level 11 in Unarmed Combat
  7472 | D:8      | Identified the +4 whip of Corruption {flame, Dex+5}
  7693 | D:8      | You pick up a book of Sloth and begin reading...
  7693 | D:8      | You add the spells Metabolic Englaciation and Statue Form
                  | to your library.
  7940 | D:9      | Noticed Maurice
  7961 | D:9      | Killed Maurice
  7962 | D:9      | Reached skill level 12 in Unarmed Combat
  7985 | D:9      | Found a staircase to the Orcish Mines.
  7998 | D:9      | HP: 14/110 [orc warrior/+0 glaive (20)]
  8108 | D:9      | Found a flagged portal.
  8136 | Bailey   | Entered a bailey
  8214 | Bailey   | Reached skill level 1 in Invocations
  8223 | Bailey   | Reached XP level 11. HP: 117/117 MP: 11/11
  8229 | Bailey   | Reached **** piety under Makhleb
  8244 | Bailey   | Reached skill level 2 in Invocations
  8251 | Bailey   | Noticed Prince Ribbit
  8251 | Bailey   | Noticed a vault guard
  8260 | Bailey   | Killed Prince Ribbit
  8269 | Bailey   | Killed a vault guard
  8270 | Bailey   | Reached skill level 3 in Invocations
  8317 | Bailey   | Noticed a vault guard
  8335 | Bailey   | Killed a vault guard
  8700 | D:9      | Reached skill level 4 in Invocations
  8737 | D:9      | Found Mateupp's Weapon Emporium.
  8924 | D:10     | Entered Level 10 of the Dungeon
  8941 | D:10     | Noticed a two-headed ogre
  8943 | D:10     | Noticed a two-headed ogre
  8948 | D:10     | Killed a two-headed ogre
  8949 | D:10     | Reached skill level 5 in Invocations
  8954 | D:10     | Killed a two-headed ogre
  8955 | D:10     | Reached skill level 13 in Unarmed Combat
  8990 | D:10     | Noticed a two-headed ogre
  8997 | D:10     | Killed a two-headed ogre
  9117 | D:10     | Identified the +7 chain mail of Baovuff {+Inv Int+6}
  9174 | D:10     | Noticed roninjake's ghost (journeyman MiFi)
  9189 | D:10     | Noticed an orc knight
  9209 | D:10     | Found a runed translucent gate.
  9209 | D:10     | Found a runed translucent gate.
  9209 | D:10     | Found a runed translucent gate.
  9276 | D:10     | Reached skill level 6 in Invocations
  9621 | D:11     | Found a glowing silver altar of Zin.
  9635 | D:11     | Found a staircase to the Lair.
  9895 | D:11     | Noticed a boulder beetle
  9925 | D:11     | Reached skill level 7 in Invocations
  9929 | D:11     | Killed a boulder beetle
  9943 | D:11     | HP: 21/117 [cyclops (23)]
  9992 | D:11     | Noticed a boulder beetle
 10006 | D:11     | Killed a boulder beetle
 10007 | D:11     | Reached skill level 14 in Unarmed Combat
 10147 | D:12     | Reached XP level 12. HP: 109/126 MP: 16/16
 10258 | D:12     | Found a runed translucent door.
 10269 | D:12     | Noticed Cesushri's ghost (journeyman MiBe)
 10338 | D:12     | Reached skill level 2 in Transmutations
 10357 | D:12     | Reached skill level 2 in Spellcasting
 10718 | D:12     | Reached skill level 3 in Transmutations
 11130 | D:12     | Reached skill level 3 in Spellcasting
 11428 | D:12     | Reached skill level 4 in Transmutations
 11487 | D:12     | Noticed Azrael
 11498 | D:12     | Killed Azrael
 11509 | D:12     | Noticed a boulder beetle
 11519 | D:12     | Killed a boulder beetle
 11597 | D:12     | Noticed a boulder beetle
 11597 | D:12     | Noticed Rupert
 11599 | D:12     | Paralysed by Rupert for 5 turns
 11606 | D:12     | Noticed a two-headed ogre
 11773 | D:12     | Killed a two-headed ogre
 11774 | D:12     | Reached skill level 4 in Spellcasting
 11791 | D:12     | Noticed a boulder beetle
 11797 | D:12     | Killed a boulder beetle
 11798 | D:12     | Reached skill level 5 in Transmutations
 11919 | D:12     | Paralysed by Rupert for 3 turns
 11931 | D:12     | HP: 22/109 [Rupert/+3 great sword of draining (35)]
 11932 | D:12     | Killed Rupert
 11949 | D:12     | HP: 19/124 [gargoyle/+0 morningstar (13)]
 12139 | D:12     | Noticed a two-headed ogre
 12147 | D:12     | Noticed a tengu reaver
 12153 | D:12     | HP: 2/126 [tengu reaver/bolt of fire (37)]
 12154 | D:12     | Slain by a vampire

Vanquished Creatures
  Rupert (D:12)
  Azrael (D:12)
  2 vault guards (Bailey)
  4 two-headed ogres
  3 boulder beetles
  Pikel (D:6)
  A deep elf pyromancer (D:12)
  2 manticores
  2 cyclopes
  Maurice (D:9)
  4 gargoyles
  2 unseen horrors
  A queen bee (D:12)
  2 trolls
  3 meliai (D:12)
  Prince Ribbit (Bailey)
  10 slime creatures (D:12)
  2 shadows (D:12)
  A wyvern (D:8)
  A vampire (D:10)
  10 yaks
  2 water elementals (D:12)
  5 fire elementals (D:12)
  2 steam dragons (D:8)
  3 humans (Bailey)
  A vampire mosquito (D:12)
  Edmund (D:5)
  2 acid dragons
  2 water moccasins
  Pargi (D:3)
  6 orc warriors
  A hell hound (D:12)
  3 ice beasts
  A black bear (D:6)
  3 sky beasts
  5 ogres
  3 centaurs (D:8)
  4 lemures
  2 phantoms
  6 kobold brigands
  15 bullfrogs
  A gnoll sergeant (D:8)
  2 scorpions
  7 wights (D:7)
  19 killer bees
  6 electric eels
  3 howler monkeys
  4 hounds
  3 jellies
  3 orc priests
  4 orc wizards
  Terence (D:2)
  2 iguanas
  A sleepcap (D:7)
  12 adders
  9 gnolls
  2 shadow imps
  A white imp (D:7)
  2 ufetubi
  4 worms
  A dart slug (D:1)
  53 orcs
  8 endoplasms
  2 giant cockroaches
  16 goblins
  7 hobgoblins
  3 jackals
  11 quokkas
  4 ball pythons
  7 bats
  A frilled lizard (D:3)
  32 kobolds
  4 rats
358 creatures vanquished.

Vanquished Creatures (collateral kills)
  A boulder beetle (D:11)
  A troll (D:11)
  3 killer bees (D:11)
  2 kobolds (D:11)
7 creatures vanquished.

Vanquished Creatures (others)
  A troll (D:12)
  2 killer bees (D:8)
  A gnoll bouda (D:8)
  An orc (D:8)
  5 plants (D:6)
10 creatures vanquished.

Grand Total: 375 creatures vanquished

Table legend:
 A = Non-vault XP
 B = Vault XP
 C = Vault XP percentage of total XP
 D = Non-vault monster count
 E = Vault monster count
 F = Vault count percentage of total count
                 A         B        C        D         E       F
            +---------+---------+-------+---------+---------+-------
      Total |   20136 |   16860 |  45.6 |     249 |     113 |  31.2
            +---------+---------+-------+---------+---------+-------
        D:1 |      44 |       8 |  15.4 |      24 |       4 |  14.3
        D:2 |      89 |      63 |  41.4 |      16 |       7 |  30.4
        D:3 |      71 |     147 |  67.4 |      15 |       1 |   6.2
        D:4 |     475 |       0 |   0.0 |      25 |       0 |   0.0
        D:5 |     515 |     164 |  24.2 |      17 |       1 |   5.6
        D:6 |     954 |     666 |  41.1 |      23 |       7 |  23.3
        D:7 |    1425 |     128 |   8.2 |      19 |       2 |   9.5
        D:8 |    2149 |    2178 |  50.3 |      32 |      16 |  33.3
        D:9 |     922 |     750 |  44.9 |      16 |      12 |  42.9
       D:10 |    3643 |       0 |   0.0 |      19 |       0 |   0.0
       D:11 |    3518 |       0 |   0.0 |      19 |       0 |   0.0
       D:12 |    6331 |    8974 |  58.6 |      24 |      33 |  57.9
      Sewer |       0 |     172 | 100.0 |       0 |       7 | 100.0
     Bailey |       0 |    3610 | 100.0 |       0 |      23 | 100.0
            +---------+---------+-------+---------+---------+-------

Illustrated notes

Table legend:
 A = Kills in this place as a percentage of kills in the entire game.
 B = Kills by you in this place as a percentage of kills by you in the entire game.
 C = Kills by friends in this place as a percentage of kills by friends in the entire game.
 D = Other kills in this place as a percentage of other kills in the entire game.
 E = Experience gained in this place as a percentage of experience gained in the entire game.
 F = Experience gained in this place divided by the number of levels of this place that you have seen.
                   A       B       C       D       E      F
               +-------+-------+-------+-------+-------+----------------------
         Total | 100.0 | 100.0 | 100.0 | 100.0 | 100.0 | 2466.4
       Dungeon |  91.7 |  91.5 | 100.0 | 100.0 |  89.8 | 2767.8
         Sewer |   1.9 |   2.0 |   0.0 |   0.0 |   0.5 | 172.0
        Bailey |   6.4 |   6.5 |   0.0 |   0.0 |   9.8 | 3610.0
               +-------+-------+-------+-------+-------+----------------------

Table legend: (Time is in decaauts)
 A = Elapsed time spent in this place.
 B = Non-inter-level travel time spent in this place.
 C = Inter-level travel time spent in this place.
 D = Time resting spent in this place.
 E = Time spent auto-exploring this place.
 F = Levels seen in this place.
 G = Mean time per level.
                   A        B        C        D        E       F      G
               +--------+--------+--------+--------+--------+-----+--------+
         Total |  11959 |  11514 |    445 |   1147 |   7719 |  15 |  797.3 |
       Dungeon |  11267 |  10834 |    433 |   1047 |   7362 |  12 |  938.9 |
        Temple |    221 |    209 |     12 |      0 |    165 |   1 |  221.0 |
         Sewer |    156 |    156 |      0 |      0 |    108 |   1 |  156.0 |
        Bailey |    313 |    313 |      0 |    100 |     84 |   1 |  313.0 |
               +--------+--------+--------+--------+--------+-----+--------+

Top non-repeatable levels by time:
    D:12: 1963 daAuts
     D:8: 1244 daAuts
     D:3: 1039 daAuts
     D:7: 978 daAuts
     D:5: 928 daAuts
     D:6: 921 daAuts
     D:1: 798 daAuts
     D:2: 744 daAuts
     D:4: 742 daAuts
     D:9: 723 daAuts
    D:11: 607 daAuts
    D:10: 577 daAuts
  Bailey: 313 daAuts
  Temple: 221 daAuts
   Sewer: 156 daAuts
